 Dungeon Crawl Stone Soup version 0.30-a0-40-gc6d0f036a7 (webtiles) character file.

Game seed: 1914576793793706393

80 Newt the Magician (level 4, -4/33 HPs)
             Began as a Demonspawn Gladiator on Aug 29, 2022.
             Slain by a goblin
             ... wielding a +0 dagger
             ... led by Robin
              (5 damage)
             ... on level 2 of the Dungeon.
             The game lasted 00:03:27 (2989 turns).

Newt the Magician (Demonspawn Gladiator)            Turns: 2989, Time: 00:03:27

Health: -4/33      AC:  5    Str: 14    XL:     4   Next: 18%
Magic:  8/8        EV: 12    Int: 12    God:
Gold:   73         SH:  0    Dex: 14    Spells: 8/8 levels left

rFire   + . .      SeeInvis .    a - +1 rapier
rCold   . . .      Faith    .    (no shield)
rNeg    . . .      Spirit   .    b - +1 leather armour
rPois   .          Reflect  .    c - +0 helmet
rElec   .          Harm     .    (no cloak)
rCorr   .          Rampage  .    (no gloves)
Will    .....                    (no boots)
Stlth   ++........               (no amulet)
HPRegen 0.11/turn                g - ring of protection from fire
MPRegen 0.11/turn                (no ring)

@: no status effects
A: demonic magic 1
a: no special abilities


You were on level 2 of the Dungeon.
You visited 1 branch of the dungeon, and saw 2 of its levels.

You collected 73 gold pieces.

Inventory:

Hand Weapons
 a - a +1 rapier (weapon)
Armour
 b - a +1 leather armour (worn)
 c - a +0 helmet (worn)
Jewellery
 g - a ring of protection from fire (left hand)
Potions
 f - a potion of magic
 i - a potion of brilliance


   Skills:
 - Level 2.0 Fighting
 - Level 2.6 Short Blades
 - Level 1.7 Throwing
 - Level 2.6 Dodging
 - Level 2.0 Stealth
 + Level 2.8 Spellcasting


You had 8 spell levels left.
You didn't know any spells.
Your spell library contained the following spells:

 Spells                   Type           Power      Damage    Failure   Level
 Magic Dart               Conj           4%         1d3       32%         1
 Necrotise                Necr           4%         1d4       32%         1
 Call Imp                 Summ           1%         N/A       43%         2
 Searing Ray              Conj           2%         2d4       43%         2
 Mephitic Cloud           Conj/Pois/Air  1%         N/A       67%         3
 Vampiric Draining        Necr           1%         2d6       67%         3
 Fulminant Prism          Conj/Hex       0%         3d6       97%         4
 Agony                    Necr           1%         N/A       100%        5


Dungeon Overview and Level Annotations

Branches:
Dungeon (2/15)

Altars:

Annotations:
D:2 Robin


Innate Abilities, Weirdness & Mutations

Spells you cast may paralyse adjacent enemies.


Message History

The goblin shouts!
Robin barely misses you. The goblin hits you but does no damage.
You closely miss the goblin.
The goblin no longer looks unusually strong.
Robin hits you with a +0 falchion. The goblin hits you but does no damage.
You closely miss the goblin. Robin misses you.
The goblin hits you but does no damage.
You completely miss the goblin. The goblin hits you with a +0 dagger.
* * * LOW HITPOINT WARNING * * *
You barely miss the goblin.
Robin roars a battlecry!
The goblins go into a battle-frenzy!
The goblin barely misses you.
Unknown command.
You closely miss the goblin.
Robin says, "Duck!"
Robin hits you with a +0 falchion.
* * * LOW HITPOINT WARNING * * *
The goblin barely misses you.
Unknown command.
You hit the goblin.
You kill the goblin!
Robin hits you but does no damage.
Unknown command.
Robin attacks as you move away! Robin hits you with a +0 falchion.
* * * LOW HITPOINT WARNING * * *
You see here a +0 dagger.
Things that are here:
a +0 club; a goblin skeleton Throw: throwing net
Press: ? - help, Q - select action Shift-Dir - straight line, f/p - Robin
Aim: Robin, wielding a +0 falchion, wearing a +0 animal skin and wearing a +2 helmet (67% to hit)
You throw a throwing net. The throwing net barely misses Robin.
Robin throws the goblin at you!
* * * LOW HITPOINT WARNING * * *
The goblin completely misses you.
As you read the scroll labelled TAUDDOI WAGYNET, it crumbles to dust.
You feel a surge of unholy energy.
Robin convulses!
It was a scroll of torment.
Robin barely misses you. The goblin hits you with a +0 dagger.
You die...

######## ##### #......#
#...####### #......###...#.....#
#####..>...#.....#.....# ######
#.......)<.#....##.....# #.....
##.......))##.)..##.....# #.....
##..........##.....+.....# #.....
.#...รท......##....##.....#
#..... .#....)........g@........#
#####
...#....#.#.#####g#......########
........#......##.#..............
####[##.#.#.##.##)###......######
........#.#.##........####.# #
.##..#..#.#.###.........##.# #
........#.#.# #..........#.# #
.##.......#.# #............######
.##.###.###.# #.........##.g....g


You could see Robin and a goblin (strong).

Vanquished Creatures
  A worm (D:2)
  A dart slug (D:1)
  6 ball pythons
  7 endoplasms
  20 goblins
  7 hobgoblins
  A jackal (D:1)
  4 kobolds
  5 quokkas
  4 bats
  2 frilled lizards (D:1)
  6 rats
64 creatures vanquished.

Notes
Turn   | Place    | Note
-------+----------+-------------------------------------------
     0 | D:1      | Newt the Demonspawn Gladiator began the quest for the Orb.
     0 | D:1      | Reached XP level 1. HP: 16/16 MP: 1/1
    41 | D:1      | Reached skill level 1 in Stealth
   501 | D:1      | Gained mutation: Spells you cast may paralyse adjacent
                  | enemies. [demonic ancestry]
   501 | D:1      | Reached XP level 2. HP: 14/22 MP: 2/2
  1025 | D:1      | Reached skill level 1 in Spellcasting
  1178 | D:1      | Reached XP level 3. HP: 22/27 MP: 3/5
  2503 | D:2      | Noticed Robin
  2676 | D:2      | Reached XP level 4. HP: 33/33 MP: 7/7
  2986 | D:2      | HP: 1/33 [Robin/+0 falchion (5)]
  2989 | D:2      | Slain by a goblin

Illustrated notes

Levels and vault maps discovered:
D:1:      heliophobic_arrival_battle_scene, layout_loops_ring, serial_rivers,
          chequers_serial_rivers_small_a, chequers_serial_rivers_small_b,
          chequers_serial_rivers_micro_d, chequers_serial_rivers_large_b,
          minmay_tromino_v7
D:2:      layout_basic, ebering_ecumenical_altar_box, uniq_robin

Skill      XL: |  1  2  3 |
---------------+----------+-----
Stealth        | 1 2 |  2.0
Spellcasting   | 1 2 |  2.8
Fighting       | |  2.0
Short Blades   | |  2.6
Throwing       | |  1.7
Dodging        | |  2.6

Action                   |  1- 3 |  4- 6 || total
-------------------------+-------+-------++-------
Melee: Rapier            |   169 |    49 ||   218
       Punch             |     1 |       ||     1
Throw: Throwing net      |       |     3 ||     3
       Javelin           |       |     1 ||     1
  Use: Scroll            |     6 |     2 ||     8
       Potion            |       |     1 ||     1
 Stab: Sleeping          |     6 |       ||     6
Armor: Leather armour    |    49 |    19 ||    68
Dodge: Dodged            |   123 |    41 ||   164

Table legend: (Time is in decaauts)
 A = Elapsed time spent in this place.
 B = Non-inter-level travel time spent in this place.
 C = Inter-level travel time spent in this place.
 D = Time resting spent in this place.
 E = Time spent auto-exploring this place.
 F = Levels seen in this place.
 G = Mean time per level.
                   A        B        C        D        E       F      G
               +--------+--------+--------+--------+--------+-----+--------+
         Total |   3039 |   2997 |     42 |   1053 |   1416 |   2 | 1519.5 |
       Dungeon |   3039 |   2997 |     42 |   1053 |   1416 |   2 | 1519.5 |
               +--------+--------+--------+--------+--------+-----+--------+

Top non-repeatable levels by time:
     D:1: 2220 daAuts
     D:2: 819 daAuts
